 Dungeon Crawl Stone Soup version 0.32-a0-868-g153ae1a8d6 (webtiles) character file.

Game seed: 7191503397514609281

296 Fodor the Covered (level 6, -2/53 HPs)
             Began as a Minotaur Fighter on Mar 27, 2024.
             Slain by an ice beast (14 damage)
             ... on level 4 of the Dungeon on Mar 28, 2024.
             The game lasted 00:07:50 (2555 turns).

Fodor the Covered (Minotaur Fighter)                Turns: 2555, Time: 00:07:50

Health: -2/53      AC:  8    Str: 23    XL:     6   Next: 12%
Magic:  5/5        EV:  9    Int:  5    God:
Gold:   184        SH:  4    Dex:  9    Spells: 5/5 levels left

rFire   . . .        a - +0 war axe
rCold   . . .        c - +0 buckler
rNeg    . . .        b - +0 scale mail {rPois}
rPois   +            (helmet restricted)
rElec   .            (no cloak)
rCorr   .            n - +0 pair of gloves
SInv    .            (no boots)
Will    .....        (no amulet) Stlth
                     (no ring)
HPRegen 0.28/turn    (no ring)
MPRegen 0.09/turn

%: no passive effects
@: no status effects
A: horns 2, retaliatory headbutt
a: no special abilities


You were on level 4 of the Dungeon.
You visited 1 branch of the dungeon, and saw 4 of its levels.

You collected 184 gold pieces.

Inventory:

Hand Weapons
 a - a +0 war axe (weapon)
Armour
 b - a +0 scale mail of poison resistance (worn)
 c - a +0 buckler (worn)
 n - a +0 pair of gloves (worn)
Scrolls
 g - 2 scrolls of enchant weapon {unknown}
 i - a scroll of teleportation {unknown}
 k - 3 scrolls of identify {unknown}
 l - a scroll of vulnerability {unknown}
Potions
 d - a potion of might
 e - a potion of brilliance {unknown}
 h - 2 potions of haste {unknown}
 j - 2 potions of curing {unknown}


   Skills:
 + Level 4.3 Fighting
 + Level 4.8 Axes
 + Level 0.8 Throwing
 + Level 5.5 Armour
 + Level 1.7 Dodging
 + Level 0.7 Stealth
 + Level 4.1 Shields


You had 5 spell levels left.
You didn't know any spells.
Your spell library was empty.

Dungeon Overview and Level Annotations

Branches:
Dungeon (4/15)
 Temple: D:4-7

Altars:
Hepliaklqana
Trog


Innate Abilities, Weirdness & Mutations

You have a pair of horns on your head.
You reflexively headbutt those who attack you in melee.


Message History

You barely miss the ice beast.
The ice beast is moderately wounded.
The ice beast barely misses you.
You barely miss the ice beast.
The ice beast is moderately wounded.
The ice beast misses you. The ice beast hits you. The ice beast freezes you.
You hit the ice beast but do no damage.
The ice beast is moderately wounded.
The ice beast barely misses you.
You hit the ice beast but do no damage.
The ice beast is moderately wounded.
The ice beast hits you but does no damage.
You hit the ice beast but do no damage. Your headbutt misses the ice beast.
The ice beast is moderately wounded.
The ice beast hits you but does no damage.
You hit the ice beast but do no damage. Your headbutt misses the ice beast.
The ice beast is moderately wounded.
The ice beast completely misses you.
The ice beast hits you but does no damage.
You closely miss the ice beast. You headbutt the ice beast.
The ice beast is heavily wounded.
The ice beast hits you. The ice beast freezes you!
You hit the ice beast.
The ice beast is heavily wounded.
The ice beast hits you but does no damage.
You hit the ice beast.
You headbutt the ice beast, but do no damage.
The ice beast is severely wounded.
The ice beast hits you but does no damage.
You barely miss the ice beast.
The ice beast is severely wounded.
The ice beast hits you. The ice beast freezes you!
* * * LOW HITPOINT WARNING * * *
The ice beast hits you but does no damage.
You closely miss the ice beast.
The ice beast is severely wounded.
The ice beast hits you.
* * * LOW HITPOINT WARNING * * *
The ice beast freezes you!
You die...

### #<#
#.######.#
#.#......#
#@Y.......
###.......
.......
####... ..
.


You could see an ice beast.

Vanquished Creatures
  An orc priest (D:3)
  An iguana (D:3)
  2 orc wizards (D:3)
  11 adders (D:2)
  2 dart slugs
  9 orcs (D:3)
  9 ball pythons
  7 endoplasms
  2 giant cockroaches (D:1)
  5 goblins
  8 hobgoblins
  A jackal (D:2)
  4 kobolds
  3 quokkas
  6 bats
  5 frilled lizards
  6 rats
  A spectral hobgoblin (D:1)
83 creatures vanquished.

Notes
Turn   | Place    | Note
-------+----------+-------------------------------------------
     0 | D:1      | Fodor the Minotaur Fighter began the quest for the Orb.
     0 | D:1      | Reached XP level 1. HP: 19/19 MP: 0/0
    70 | D:1      | Reached XP level 2. HP: 26/27 MP: 1/1
   385 | D:1      | Reached XP level 3. HP: 33/33 MP: 2/2
   550 | D:1      | Found a faded altar of an unknown god.
   929 | D:2      | Reached skill level 4 in Armour
   934 | D:2      | Found a hazy altar of Hepliaklqana.
  1258 | D:2      | Upgraded the game from 0.32-a0-859-gb0a091d592 to
                  | 0.32-a0-868-g153ae1a8d6
  1263 | D:2      | Reached XP level 4. HP: 33/40 MP: 3/3
  1368 | D:2      | Reached skill level 1 in Dodging
  1415 | D:2      | Reached XP level 5. HP: 46/46 MP: 4/4
  1863 | D:3      | Reached skill level 5 in Armour
  2284 | D:3      | Reached XP level 6. HP: 48/53 MP: 5/5
  2372 | D:3      | Found a bloodstained altar of Trog.
  2537 | D:4      | Noticed an ice beast
  2555 | D:4      | Slain by an ice beast

Illustrated notes

Levels and vault maps discovered:
D:1:      minmay_arrival_shoal_huts, layout_rooms,
          dreamdust_ecumenical_altar_drowned_temple, minmay_misc_feat_ornament,
          minmay_misc_feat_more_columns
D:2:      layout_loops_ring, basic_altar, hangedman_feature_mirror,
          minmay_snake_closets
D:3:      layout_basic, mainiacjoe_overflow_alcove_2
D:4:      layout_basic, amcnicky_altar_gilded, uniq_blork_the_orc, uniq_natasha,
          uniq_pikel, uniq_edmund

Skill      XL: |  1  2  3  4  5 |
---------------+----------------+-----
Shields        | 4 |  4.1
Fighting       | 4 |  4.3
Axes           | 3 4 |  4.8
Armour         | 4 5 |  5.5
Dodging        | 1 |  1.7
Throwing       | |  0.8
Stealth        | |  0.7

Action                     |  1- 3 |  4- 6 || total
---------------------------+-------+-------++-------
  Melee: War axe           |    92 |   107 ||   199
         Headbutt          |    14 |    11 ||    25
  Throw: Javelin           |    12 |     2 ||    14
         Boomerang         |       |    26 ||    26
 Armour: Scale mail        |   102 |    95 ||   197
  Dodge: Dodged            |    38 |    54 ||    92
  Block: Buckler           |    31 |    22 ||    53

Table legend: (Time is in decaauts)
 A = Elapsed time spent in this place.
 B = Non-inter-level travel time spent in this place.
 C = Inter-level travel time spent in this place.
 D = Time resting spent in this place.
 E = Time spent auto-exploring this place.
 F = Levels seen in this place.
 G = Mean time per level.
                   A        B        C        D        E       F      G
               +--------+--------+--------+--------+--------+-----+--------+
         Total |   2658 |   2614 |     44 |    100 |   1629 |   4 |  664.5 |
       Dungeon |   2658 |   2614 |     44 |    100 |   1629 |   4 |  664.5 |
               +--------+--------+--------+--------+--------+-----+--------+

Top non-repeatable levels by time:
     D:3: 1002 daAuts
     D:2: 823 daAuts
     D:1: 807 daAuts
     D:4: 25 daAuts
